 Dungeon Crawl Stone Soup version 0.27-a0-1193-g8631133539 (webtiles) character file.

Game seed: 17125230449963166209

2246 lunkers the Slicer (level 9, 0/49 HPs)
             Began as a Vine Stalker Fighter on May 25, 2021.
             Was a Follower of Ru.
             Incinerated by a deep elf pyromancer (5 damage)
             ... with a sticky flame
             ... on level 7 of the Dungeon.
             The game lasted 00:09:31 (5660 turns).

lunkers the Slicer (Vine Stalker Fighter)           Turns: 5660, Time: 00:09:32

Health: 0/49       AC:  8    Str: 21    XL:     9   Next: 37%
Magic:  0/10       EV: 10    Int:  8    God:    Ru [*.....]
Gold:   480        SH:  6    Dex: 15    Spells: 8/8 levels left

rFire    . . .     SeeInvis .   n - +2 short sword (venom)
rCold    . . .     Faith    .   k - +0 buckler
rNeg     . . .     Spirit   +   A - +0 swamp dragon scales
rPois    +         Reflect  .   u - +1 hat
rElec    .         Harm     .   m - scarf {shadows}
rCorr    .         Rampage  .   (no gloves)
Will     +....                  (no boots)
Stlth    +.........             (no amulet)
HPRegen  1.16/turn              (no ring)
MPRegen  0.12/turn              (no ring)

@: on fire, unable to read, glowing
A: fangs 3, regeneration 1, magic shield, antimagic bite, no potion heal 2,
inability to read while threatened
a: Renounce Religion


You were on level 7 of the Dungeon.
You worshipped Ru.
Ru was aware of your devotion.
You visited 1 branch of the dungeon, and saw 7 of its levels.

You collected 508 gold pieces.
You spent 28 gold pieces at shops.

Inventory:

Hand Weapons
 a - a +0 rapier
 n - a +2 short sword of venom (weapon)
 B - a +3 scimitar of flaming
Missiles
 f - 40 poisoned darts (quivered)
 v - 2 atropa-tipped darts
Armour
 b - a +0 scale mail
 c - a +0 kite shield
 k - a +0 buckler (worn)
 m - a scarf of shadows (worn)
 o - a +2 scale mail of poison resistance
 s - a +0 cloak
 u - a +1 hat (worn)
 A - +0 swamp dragon scales (worn)
Jewellery
 p - a ring of wizardry
Wands
 r - a wand of flame (22)
 w - a wand of paralysis (11)
 y - a wand of mindburst (5)
Scrolls
 h - 3 scrolls of teleportation {unknown}
 l - 3 scrolls of noise {unknown}
 q - a scroll of silence {unknown}
 x - 4 scrolls of identify
 z - a scroll of amnesia {unknown}
 C - a scroll of acquirement {unknown}
Potions
 d - a potion of might
 e - 2 potions of attraction
 g - a potion of heal wounds {unknown}
 i - 2 potions of invisibility
 j - a potion of lignification {unknown}
 t - 2 potions of curing {unknown}


   Skills:
 + Level 6.3 Fighting
 - Level 8.0 Short Blades
 - Level 2.4 Armour
 + Level 6.2 Shields


You had 8 spell levels left.
You didn't know any spells.
Your spell library contained the following spells:

 Spells                   Type           Power      Damage    Failure   Level
 Foxfire                  Conj/Fire      0%         2x1d4     56%         1
 Magic Dart               Conj           0%         1d3       56%         1
 Searing Ray              Conj           0%         3d3       71%         2
 Conjure Flame            Conj/Fire      0%         6-21      91%         3
 Dazzling Flash           Conj/Hex       0%         N/A       91%         3
 Inner Flame              Hex/Fire       0%         N/A       91%         3
 Fulminant Prism          Conj/Hex       0%         3d6       100%        4
 Iskenderun's Mystic Bla  Conj/Tloc      0%         2d3       100%        4
 Sticky Flame             Conj/Fire      0%         2d3       100%        4
 Fireball                 Conj/Fire      0%         3d3       100%        5


Dungeon Overview and Level Annotations

Branches:
Dungeon (7/15)             Temple (0/1) D:7

Altars:
Qazlal
Ru

Shops:
D:3 *


Innate Abilities, Weirdness & Mutations

You have razor-sharp teeth.
Your natural rate of healing is unusually fast.
When hurt, damage is shared between your health and your magic reserves.
Your bite disrupts and absorbs the magic of your enemies.
Potions cannot restore your health.
You sometimes lose the ability to read scrolls when taking damage.


Message History

The deep elf pyromancer is heavily wounded.
The fire elemental hits you.
* * * LOW HITPOINT WARNING * * *
The fire elemental burns you!
* * * LOW HITPOINT WARNING * * *
The deep elf pyromancer mumbles some strange words.
The deep elf pyromancer blinks!
Okay, then.
The fire elemental hits you. The fire elemental burns you!
* * * LOW MAGIC WARNING * * *
* * * LOW HITPOINT WARNING * * *
The fire elemental misses you.
You puncture the fire elemental!
The fire elemental is moderately damaged.
The fire elemental closely misses you.
The deep elf pyromancer mumbles some strange words.
The deep elf pyromancer blinks!
You block the fire elemental's attack. x2
The deep elf pyromancer points at you and mumbles some strange words.
The sticky flame hits you.
You are covered in liquid flames!
* * * LOW MAGIC WARNING * * *
* * * LOW HITPOINT WARNING * * *
Unknown command.
Unknown command.
Aiming: Mindburst
Press: ? - help, Shift-Dir - straight line, f - deep elf pyromancer
Aim: a deep elf pyromancer, wielding a +0 short sword (severely wounded, very poisoned, chance to affect: 48%)
The deep elf pyromancer resists with some effort.
You are covered in liquid flames!
* * * LOW MAGIC WARNING * * *
* * * LOW HITPOINT WARNING * * *
The fire elemental misses you.
Unknown command.
Aiming: Mindburst
Press: ? - help, Shift-Dir - straight line, f/p - deep elf pyromancer
Aim: a deep elf pyromancer, wielding a +0 short sword (almost dead, very poisoned, chance to affect: 48%)
The deep elf pyromancer resists with some effort.
You are covered in liquid flames!
You die...

#.##..#.###..#.##.#.....##.#
#.................#.....##.#
#.##..#.###..####.#.....##.#
###.##....###.......##...# #.#
.##...........#########'####.#
.##.##........##...##.)....))#
.##.##....###.#.....#.......##
.##.#.........#.E.e.'..8....#
..............#.@...#........#
.##..##.########!..##........#
.....##.# ##########+####.#
..#..##.# #.#.# .# ..#..##.#
#.#.# ..#..##.# #.#.#
..#..##.######.#.#
...............#.#
.................#


You could see a deep elf pyromancer (very poisoned) and a fire elemental
(summoned).

Vanquished Creatures
  Maggie (D:6)
  Eustachio (D:6)
  A wyvern (D:7)
  Duvessa (D:4)
  An orc warrior (D:7)
  3 sky beasts
  A centaur (D:6)
  A phantom (D:6)
  A bullfrog (D:7)
  2 kobold brigands (D:7)
  2 scorpions (D:5)
  Dowan (D:4)
  A water moccasin skeleton (D:4)
  A bullfrog zombie (D:7)
  A centaur zombie (D:7)
  2 hounds (D:4)
  A jelly (D:4)
  A bullfrog skeleton (D:7)
  2 orc priests
  Crazy Yiuf (D:4)
  2 centaur skeletons
  3 iguanas
  Robin (D:4)
  A howler monkey zombie (D:5)
  A howler monkey skeleton (D:6)
  7 adders
  2 white imps
  An adder skeleton (D:4)
  A dart slug (D:5)
  11 orcs
  7 ball pythons
  5 endoplasms
  3 giant cockroaches
  17 goblins
  5 hobgoblins
  6 jackals
  8 kobolds
  3 quokkas
  4 bats
  2 frilled lizards
  2 rats (D:2)
118 creatures vanquished.

Vanquished Creatures (others)
  A fungus (D:4)
1 creature vanquished.

Grand Total: 119 creatures vanquished

Notes
Turn   | Place    | Note
-------+----------+-------------------------------------------
     0 | D:1      | lunkers the Vine Stalker Fighter began the quest for the
                  | Orb.
     0 | D:1      | Reached XP level 1. HP: 11/11 MP: 2/2
    78 | D:1      | Reached skill level 2 in Short Blades
   125 | D:1      | Reached XP level 2. HP: 9/16 MP: 1/3
   828 | D:1      | Reached XP level 3. HP: 20/20 MP: 4/4
  1482 | D:2      | Found a stormy altar of Qazlal.
  1485 | D:2      | Gained mutation: Your natural rate of healing is unusually
                  | fast. [Vine Stalker growth]
  1485 | D:2      | Reached XP level 4. HP: 14/24 MP: 5/5
  1558 | D:2      | Reached skill level 3 in Short Blades
  1578 | D:2      | Found a faded altar of an unknown god.
  2352 | D:3      | Found Posaobucif's General Store.
  2370 | D:3      | Bought a scroll of identify for 28 gold pieces
  2727 | D:3      | Reached XP level 5. HP: 28/28 MP: 3/6
  3177 | D:4      | Found a sacrificial altar of Ru.
  3184 | D:4      | Reached skill level 4 in Short Blades
  3184 | D:4      | Reached XP level 6. HP: 33/33 MP: 7/7
  3241 | D:4      | Became a worshipper of Ru the Awakened
  3254 | D:4      | Noticed Robin
  3267 | D:4      | Killed Robin
  3305 | D:4      | Noticed Duvessa
  3305 | D:4      | Noticed Dowan
  3316 | D:4      | Killed Duvessa
  3321 | D:4      | Killed Dowan
  3322 | D:4      | Reached XP level 7. HP: 26/37 MP: 8/8
  3392 | D:4      | Found a runed translucent door.
  3393 | D:4      | Noticed Crazy Yiuf
  3401 | D:4      | Killed Crazy Yiuf
  3402 | D:4      | Reached skill level 5 in Short Blades
  3406 | D:4      | Identified the +7 mace "Kumotwea" {chaos, Drain rN+ rCorr}
  3704 | D:5      | Entered Level 5 of the Dungeon
  4203 | D:5      | Gained mutation: You have razor-sharp teeth. [Vine Stalker
                  | growth]
  4203 | D:5      | Reached XP level 8. HP: 36/42 MP: 5/9
  4365 | D:6      | Reached skill level 6 in Short Blades
  4385 | D:6      | Gained mutation: You sometimes lose the ability to read
                  | scrolls when taking damage. [Ru sacrifice]
  4385 | D:6      | Reached * piety under Ru
  4503 | D:6      | Noticed Eustachio
  4522 | D:6      | Killed Eustachio
  4523 | D:6      | Reached skill level 5 in Fighting
  4523 | D:6      | Reached skill level 5 in Shields
  4628 | D:6      | Noticed Maggie
  4654 | D:6      | Killed Maggie
  4655 | D:6      | Reached skill level 7 in Short Blades
  4935 | D:7      | Reached XP level 9. HP: 48/48 MP: 10/10
  5069 | D:7      | Found a staircase to the Ecumenical Temple.
  5616 | D:7      | Reached skill level 8 in Short Blades
  5641 | D:7      | Noticed a deep elf pyromancer
  5660 | D:7      | Incinerated by a deep elf pyromancer

Illustrated notes

Levels and vault maps discovered:
D:1:      lemuel_arrival_behind_the_door_large, layout_basic,
          corexii_hall_statues_i
D:2:      layout_basic, basic_ecumenical_altar, basic_altar
D:3:      layout_basic, serial_shops, shop, hangedman_decor_lopped
D:4:      layout_cave_pools, amcnicky_altar_gilded, uniq_crazy_yiuf_cottage,
          uniq_duvessa, uniq_robin
D:5:      layout_rooms, amethyst_killhole
D:6:      layout_cave_pools, uniq_maggie, uniq_eustachio
D:7:      layout_basic, minmay_temple_entry_statues_pillars, minmay_three_doors

Skill      XL: |  1  2  3  4  5  6  7  8  9 |
---------------+----------------------------+-----
Short Blades   | 2 3 4 5 7 8 |  8.0
Fighting       | 3 4 5 6 |  6.3
Shields        | 3 4 5 6 |  6.2
Armour         | |  2.4

Action                   |  1- 3 |  4- 6 |  7- 9 || total
-------------------------+-------+-------+-------++-------
Melee: Rapier            |    98 |    38 |       ||   136
       Bite              |    25 |    41 |    91 ||   157
       Short sword       |       |    99 |   245 ||   344
Throw: Dart              |    13 |     2 |     5 ||    20
Invok: Sacrifice Words   |       |       |     1 ||     1
Evoke: Wand              |       |       |     2 ||     2
  Use: Scroll            |       |     2 |       ||     2
       Potion            |       |     1 |       ||     1
 Stab: Invisible         |       |     2 |       ||     2
Armor: Scale mail        |    74 |    64 |    36 ||   174
       Swamp dragon scal |       |       |    30 ||    30
Dodge: Dodged            |    43 |    68 |    66 ||   177
Block: Kite shield       |    60 |     7 |       ||    67
       Buckler           |       |    30 |    36 ||    66

Table legend: (Time is in decaauts)
 A = Elapsed time spent in this place.
 B = Non-inter-level travel time spent in this place.
 C = Inter-level travel time spent in this place.
 D = Time resting spent in this place.
 E = Time spent auto-exploring this place.
 F = Levels seen in this place.
 G = Mean time per level.
                   A        B        C        D        E       F      G
               +--------+--------+--------+--------+--------+-----+--------+
         Total |   5636 |   5463 |    173 |      2 |   4344 |   7 |  805.1 |
       Dungeon |   5636 |   5463 |    173 |      2 |   4344 |   7 |  805.1 |
               +--------+--------+--------+--------+--------+-----+--------+

Top non-repeatable levels by time:
     D:1: 1138 daAuts
     D:2: 1136 daAuts
     D:3: 773 daAuts
     D:7: 760 daAuts
     D:4: 681 daAuts
     D:5: 644 daAuts
     D:6: 500 daAuts
